[Event "FIDE Candidates Tournament 2022"]
[Site "Madrid"]
[Date "2022.06.17"]
[Round "1.3"]
[White "Caruana, Fabiano"]
[Black "Nakamura, Hikaru"]
[Result "1-0"]
[ECO "C65"]
[WhiteElo "2786"]
[BlackElo "2760"]
[Annotator "TA"]
[PlyCount "99"]
[EventDate "2022.06.17"]
[EventType "tourn"]
[EventCountry "ESP"]
[SourceTitle "playchess.com"]
[Source "ChessBase"]
[SourceQuality "1"]
[TimeControl "40/7200:20/3600:900+30"]

1. e4 e5 2. Nf3 Nc6 3. Bb5 Nf6 4. d3 Bc5 5. Bxc6 dxc6 6. Nbd2 {[%emt 0:00:19][%cal Bb1d2,Bd2b3,Bb3a5][%mdl 32] C65: Ruy Lopez: Berlin Defence (3...Nf6), unusual lines and 4 0-0 Bc5.} Be6 7. O-O Bd6 8. Nb3 {[%emt 0:00:10] White has an edge.} (8. b3 O-O 9. Nc4 Nd7 10. a4 Bxc4 11. bxc4 a5 12. Bg5 Be7 13. Be3 b6 14. h3 Bd6 15. g3 Be7 {½-½ (52) Caruana,F (2828)-Nakamura,H (2749) Chess.com INT 2019}) 8... Qe7 9. Na5 {[%emt 0:00:41] [#]} Rb8 $146 ({Predecessor:} 9... O-O-O 10. Bd2 Bg4 11. Rb1 Nd7 12. Nc4 Qf6 13. b4 Nf8 14. h3 Bxf3 15. Qxf3 Qxf3 16. gxf3 {0-1 (51) Robson,R (2667)-Dominguez Perez,L (2739) Saint Louis 2019}) 10. Bg5 h6 11. Bh4 g5 12. Bg3 Nd7 13. d4 f6 14. Qd3 h5 15. dxe5 Nxe5 16. Bxe5 fxe5 17. Nc4 (17. Qc3 {is interesting.} O-O 18. Nxe5 Qg7 19. Nf3) 17... Rd8 18. Nxd6+ cxd6 19. Qe3 g4 20. Nd2 a6 21. b3 O-O 22. f3 Qg7 23. fxg4 hxg4 24. Rad1 d5 (24... Rd7 $11 {keeps the balance.}) 25. exd5 $16 cxd5 26. Rde1 e4 27. Rxf8+ Rxf8 28. c4 Re8 29. cxd5 Bxd5 30. Nf1 Qe5 31. Qh6 Qg7 {[%emt 0:02:07] Prevents Qg6.} 32. Qd6 Bc6 33. Ne3 g3 (33... Rf8 $16 34. Qe6+ Kh7) 34. hxg3 (34. Qxg3 Qxg3 35. hxg3 Kg7 $14) (34. Rf1 $1 $18 {and the rest is easy.} Rf8 35. Rxf8+ (35. hxg3 Rxf1+ 36. Nxf1 Qa1 $16) (35. Qxg3 Qxg3 36. hxg3 Rxf1+ 37. Nxf1 Kg7 $16) 35... Qxf8 36. Qxg3+ Kh7 37. h3 (37. Qg5 Qh6 $18)) 34... Qe5 {[%emt 0:00:40] Against Nf5} 35. Qg6+ Qg7 36. Qd6 {[%emt 0:00:02] Hoping for Nf5. White is more active.} Qe5 {[%emt 0:00:17] Prevents Nf5.} 37. Qh6 {[%emt 0:01:11] And now Rf1 would win.} (37. Qg6+ Qg7 38. Qh5 Qxg3 $14) 37... Qxg3 (37... Rf8 $16 {might work better.}) 38. Rf1 $18 {[%emt 0:00:21] Intending Nf5 and mate. Chess con chili.} Qg7 39. Qh4 (39. Qd6 $18 {has better winning chances.} Qe7 40. Qf4) 39... Qh7 (39... Bd7 $16 {is more resistant.} 40. Rd1 Re7) 40. Qg3+ Qg7 {[%emt 0:00:00] [#]} 41. Qh4 $40 {[%emt 0:07:39][%mdl 128] Black needs to defend precisely.} (41. Qd6 $1 $18 Qe7 42. Qf4 (42. Qg6+ Qg7 $18)) 41... Bd7 (41... Qh7 $1 $11 {remains equal.} 42. Qf4 Kh8) 42. Rd1 Be6 {[%emt 0:07:47] [#] Inhibits Rd5.} (42... Re7 $16 {was worth a try.}) 43. Nd5 $1 {[%emt 0:05:23] Strongly threatening Nf6+.} (43. Qxe4 $6 Qg5 $16) 43... Rf8 {[%emt 0:02:44] Against Nf6+} (43... Bxd5 $2 44. Rxd5 Qa1+ 45. Kh2 $18) 44. Qxe4 ({Resist} 44. Ne7+ Kf7 45. Nd5 (45. Qxe4 Qg4 $14) (45. Rd6 $2 Qa1+ 46. Kf2 e3+ 47. Ke2 Qb2+ 48. Kxe3 Qe5+ 49. Qe4 Qxd6 $19) 45... Bg4 46. Rf1+ (46. Re1 Ke6 $14) 46... Ke6 47. Rxf8 Qxf8 $16) 44... Qh6 45. Re1 Rd8 $2 (45... Bxd5 46. Qxd5+ Kh8 47. Qxb7 (47. Re7 Qc1+ 48. Kh2 Qh6+ 49. Kg1 Qc1+ 50. Kh2 Qh6+ 51. Kg1 $11) 47... Qh4) 46. Ne7+ ({Not} 46. Qxe6+ Qxe6 47. Rxe6 Rxd5 $18) 46... Kf7 47. Nf5 Qf6 48. Rf1 Bd5 49. Nh6+ Kg7 50. Qg4+ {[%emt 0:00:10] Weighted Error Value: White=0.22 (precise) /Black=0.56} 1-0

[Event "FIDE Candidates Tournament 2022"]
[Site "Madrid"]
[Date "2022.06.19"]
[Round "3.2"]
[White "Caruana, Fabiano"]
[Black "Duda, Jan-Krzysztof"]
[Result "1/2-1/2"]
[ECO "B90"]
[WhiteElo "2786"]
[BlackElo "2750"]
[Annotator "TA"]
[PlyCount "102"]
[EventDate "2022.06.17"]
[EventType "tourn"]
[EventCountry "ESP"]
[SourceTitle "playchess.com"]
[Source "ChessBase"]
[SourceQuality "1"]
[TimeControl "40/7200:20/3600:900+30"]

1. e4 c5 2. Nf3 d6 3. d4 cxd4 4. Nxd4 Nf6 5. Nc3 a6 6. f3 e5 7. Nb3 Be6 8. Be3 h5 9. Qd2 Nbd7 10. O-O-O Be7 11. Kb1 b5 {[%emt 0:01:55] 11...Rc8 is more fashionable. B90: Sicilian Najdorf: Unusual White 6th moves, 6 Be3 Ng4 and 6 Be3 e5.} 12. Nd5 Bxd5 13. exd5 Nb6 {[%emt 0:00:44] Against c4} 14. Bxb6 Qxb6 {[%emt 0:00:26] The position is equal.} 15. Na5 Rc8 16. Nc6 Nxd5 17. Nxe7 Nxe7 18. Qxd6 Qxd6 19. Rxd6 Nc6 $1 20. Rd2 Ke7 21. Bd3 Rhd8 22. Rhd1 g6 23. c3 Na5 {[%emt 0:07:58] [#]} 24. Re2 $146 ({Predecessor:} 24. Kc2 f5 25. a4 Nc4 26. Re2 Kf6 27. axb5 axb5 28. Ra1 Nd6 29. Kb3 Rc6 30. Ra5 {0-1 (37) Jens,J (2376)-Le,Q (2687) Mulhouse 2011}) 24... Kf6 25. h4 Nb7 26. Red2 Nc5 27. Bf1 Rxd2 28. Rxd2 $11 {[%emt 0:00:03][%mdl 4096] Endgame KRB-KRN} Ke6 29. c4 b4 30. Kc2 a5 31. b3 Nb7 32. g3 Rd8 33. Rxd8 Nxd8 {[%emt 0:00:17] KB-KN} 34. Kd3 Nb7 35. Ke3 Nc5 36. f4 a4 37. bxa4 Nxa4 38. c5 exf4+ 39. gxf4 Nxc5 40. Kd4 Kd6 41. Kc4 Ne6 42. f5 gxf5 43. Be2 Nf4 44. Bf3 Ng6 {[%emt 0:00:23] [#] And now ...Ne5+ would win.} 45. Bxh5 Nxh4 46. Bxf7 f4 47. Bh5 f3 48. Bxf3 Nxf3 49. Kxb4 Nd4 50. a3 Nc2+ 51. Kb3 Nxa3 {[%emt 0:58:38] An even fight not without its subleties.  Weighted Error Value: White=0.01 (flawless) /Black=0.00 (flawless)} 1/2-1/2

[Event "FIDE Candidates Tournament 2022"]
[Site "Madrid"]
[Date "2022.06.22"]
[Round "5.1"]
[White "Caruana, Fabiano"]
[Black "Rapport, Richard"]
[Result "1/2-1/2"]
[ECO "B46"]
[WhiteElo "2786"]
[BlackElo "2776"]
[Annotator "TA"]
[PlyCount "47"]
[EventDate "2022.06.17"]
[EventType "tourn"]
[EventCountry "ESP"]
[SourceTitle "playchess.com"]
[Source "ChessBase"]
[SourceQuality "1"]
[TimeControl "40/7200:20/3600:900+30"]

1. e4 c5 2. Nf3 e6 3. d4 cxd4 4. Nxd4 Nc6 (4... Nf6 5. Nc3 Nc6 6. Nxc6 bxc6 7. e5 Nd5 8. Ne4 Bb7 9. c4 Nb4 10. c5 Qb8 11. f4 Ba6 12. Be2 Bxe2 13. Qxe2 Qb5 14. Qxb5 cxb5 15. Ke2 Nd5 16. Bd2 a5 {½-½ (51) Caruana,F (2786)-Rapport,R (2776) Bucharest 2022}) 5. Nc3 a6 6. g4 {[%emt 0:09:55] B46: Sicilian: Taimanov: 5 Nc3 a6.} Nge7 7. Be3 b5 8. Nb3 Na5 {[%emt 0:05:22] [#]} 9. Qd2 $146 ({Predecessor:} 9. g5 Nec6 10. Bg2 Nc4 11. Bc1 Be7 12. h4 Bb7 13. Qe2 Rc8 14. O-O h6 15. gxh6 gxh6 {0-1 (30) Hansen,S (2558)-Andersson,U (2623) Germany 2000}) 9... Nxb3 10. axb3 Bb7 11. Bg2 Ng6 12. Rf1 Bc6 13. g5 a5 14. f4 a4 {[%emt 0:05:39] Black wants to play ...axb3.} 15. Rd1 Bb4 16. Qd4 Qa5 (16... Bxc3+ $5 17. Qxc3 (17. bxc3 O-O $17) 17... O-O $11) 17. Qxg7 {[%emt 0:04:29] The position is equal.} a3 18. Kf2 {[%emt 0:04:58][%cal Oc3d5] Threatens to win with Nd5!} axb2 19. Ne2 {[%emt 0:00:06] [#] f5 is the strong threat.} e5 20. f5 Bf8 21. Qf6 Be7 22. Qg7 {[%emt 0:00:07] The board is on fire.} Bf8 23. Qf6 Be7 24. Qg7 {[%emt 0:00:02] An even fight not without its subleties.  Weighted Error Value: White=0.07 (flawless) /Black=0.05 (flawless)} 1/2-1/2

[Event "FIDE Candidates Tournament 2022"]
[Site "Madrid"]
[Date "2022.06.25"]
[Round "7.4"]
[White "Caruana, Fabiano"]
[Black "Radjabov, Teimour"]
[Result "1-0"]
[ECO "B28"]
[WhiteElo "2786"]
[BlackElo "2753"]
[Annotator "TA"]
[PlyCount "111"]
[EventDate "2022.06.17"]
[EventType "tourn"]
[EventCountry "ESP"]
[SourceTitle "playchess.com"]
[Source "ChessBase"]
[SourceQuality "1"]
[TimeControl "40/7200:20/3600:900+30"]

1. e4 c5 2. Nf3 a6 3. c4 Nc6 4. d4 cxd4 5. Nxd4 e5 6. Nf5 d5 {[%emt 0:00:24] B28: Sicilian: 2 Nf3 a6 (O'Kelly Variation).} 7. cxd5 Bxf5 8. exf5 Nd4 {[%emt 0:00:25] White has an edge.} 9. Bd3 Qxd5 10. Nc3 Qd7 (10... Qxg2 $2 11. Be4 Qh3 12. Qa4+ (12. Bxb7 Rd8 $16) 12... b5 13. Nxb5 Nxb5 14. Bxa8 $18) 11. O-O Nf6 12. Bg5 Be7 $1 13. Re1 {[%emt 0:03:36] [#]} O-O-O $146 ({Predecessor:} 13... Nc6 14. Bxf6 Bxf6 15. Be4 Rd8 16. Nd5 Bg5 17. Qh5 Be7 18. Rad1 Nd4 19. f6 gxf6 20. Rxd4 exd4 21. Bf3 {1-0 (21) Schrancz,I-Roth,E Hungary 1969}) 14. Rxe5 Nc6 15. Bxf6 {[%emt 0:01:40] White is more active.} Bxf6 (15... Nxe5 $2 16. Bxe5 Qxd3 17. Qc1 $18) 16. Rd5 Qe7 17. Bc4 Kb8 18. Qd3 Qb4 19. Bb3 Nd4 20. Qc4 (20. Qe4 {with more complications.} Rde8 21. Qf4+ Ka7 22. Kf1) 20... Qxc4 21. Bxc4 Rc8 22. Bd3 Nc6 23. Be4 Rhe8 {[%emt 0:07:24] And now ...Bxc3 would win.} 24. f3 Re7 25. Rad1 h6 26. Kf2 Rcc7 27. R5d2 Bxc3 28. bxc3 Ne5 29. Rc1 f6 (29... Rc5 $14) 30. Kg3 $16 Ka7 31. Rd4 Rc5 32. Kh4 Rec7 33. Kh5 b5 34. f4 Nd7 35. Rcd1 Nb6 36. R1d3 Na4 37. Kg6 {[%emt 0:00:42] Black must now prevent Rd7.} Nxc3 38. Bf3 {[%emt 0:00:24] Inhibits Ne2. Threatens to win with Rd7.} Nxa2 39. Rd7 $36 {[%emt 0:00:39][%mdl 2048] Strongly threatening Kxg7. White is really pushing.} Nc3 $2 {[%emt 0:00:17] A mistake that costs the game.} (39... Nb4 $16 {is a better defense.} 40. Rd1 Kb8) 40. Kxg7 $18 ({Less strong is} 40. Rxg7 b4 $16) 40... b4 41. Kxf6 b3 {[%emt 0:01:57] [#] ...b2 is the strong threat.} 42. Rd2 a5 43. Ke6 Rxd7 44. Rxd7+ {[%emt 0:00:05][%mdl 4096] Endgame KRB-KRN} Ka6 {[%emt 0:00:05] aiming for ...b2.} 45. f6 {[%emt 0:07:19] Hoping for f7.} b2 46. f7 b1=Q 47. f8=Q {[%emt 0:00:22] Against Qf5+} Qg6+ 48. Qf6 {[%emt 0:15:21] Chess con chili.} Qe8+ {[%emt 0:09:13] [#]} (48... Qxf6+ 49. Kxf6 a4) 49. Kd6 $1 Rc4 50. Rc7 Kb5 51. Qe5+ Qxe5+ 52. fxe5 {[%emt 0:00:02][%cal Bf4e5,Be5e6,Be6e7][%mdl 32] White threatens Rxc4 and mate.} Rxc7 (52... Rd4+ $18 53. Ke6 Kb4 54. Rb7+ Kc5) 53. Kxc7 Kc5 54. e6 Nb5+ 55. Kd7 a4 56. e7 {[%emt 0:00:41] Weighted Error Value: White=0.12 (very precise) /Black=0.32} 1-0

[Event "FIDE Candidates Tournament 2022"]
[Site "Madrid"]
[Date "2022.06.27"]
[Round "9.3"]
[White "Caruana, Fabiano"]
[Black "Nepomniachtchi, Ian"]
[Result "1/2-1/2"]
[ECO "C42"]
[WhiteElo "2786"]
[BlackElo "2773"]
[Annotator "TA"]
[PlyCount "80"]
[EventDate "2022.06.17"]
[EventType "tourn"]
[EventCountry "ESP"]
[SourceTitle "playchess.com"]
[Source "ChessBase"]
[SourceQuality "1"]
[TimeControl "40/7200:20/3600:900+30"]

1. e4 e5 2. Nf3 Nf6 3. Nxe5 d6 4. Nf3 Nxe4 5. d4 d5 6. Bd3 Bd6 7. O-O O-O 8. c4 c6 9. Re1 Bf5 10. Qb3 Qd7 {[%emt 0:00:36] The modern move. C42: Petroff Defence: 3 Nxe5 and unusual White 3rd moves.} 11. Nh4 {[%emt 0:00:27] [#]} Be6 $146 ({Predecessor:} 11... dxc4 12. Qxc4 Be6 13. Qc2 Nf6 14. Bg5 Be7 15. Nf5 Bd8 16. Nc3 Nd5 17. Bxd8 Rxd8 18. Re5 {0-1 (52) Rozman,M (1708)-Belsak,Z (1653) Murska Sobota 2006}) 12. Qc2 Na6 13. a3 {[%emt 0:00:17] Against Nb4} f5 14. cxd5 cxd5 15. Nc3 Rac8 16. f3 Be7 17. g3 Nd6 18. Qa4 {[%emt 0:32:29] [#] Hoping for Qxd7.} Bf6 (18... Rc6 $1 $11 {remains equal.}) 19. Qxd7 $16 Bxd7 20. Nxd5 {[%emt 0:08:46] aiming for Bf4.} Bxd4+ 21. Kg2 {[%emt 0:02:44] And now Ne7+ would win.} Rce8 22. Bf4 Nc5 23. Ne7+ Kf7 $1 {[%emt 0:00:20] [#]} 24. Bxf5 {[%emt 0:18:55] White is more active.} Nxf5 25. Nhxf5 Bxf5 26. Nxf5 Rxe1 27. Rxe1 Nd3 $1 28. Re4 (28. Re7+ {looks sharper.} Kf6 29. Bd6 Kxf5 30. Re4) 28... Bxb2 ({Resist} 28... Nxf4+ 29. Rxf4 Bf6 30. Nd6+ Ke7 31. Nxb7 $16) 29. Be3 Bxa3 30. Bxa7 Ra8 31. Bd4 Bf8 32. Re2 g6 33. Ne3 Rd8 34. Bb6 {[%emt 0:00:21] The position is equal.} Rd6 35. Nc4 Rc6 36. Re4 Bg7 37. f4 Re6 38. Kf3 Ne1+ 39. Ke3 Nc2+ 40. Kf3 Ne1+ {[%emt 0:00:00] Weighted Error Value: White=0.06 (flawless) /Black=0.06 (flawless)} 1/2-1/2

[Event "FIDE Candidates Tournament 2022"]
[Site "Madrid"]
[Date "2022.06.30"]
[Round "11.4"]
[White "Caruana, Fabiano"]
[Black "Ding, Liren"]
[Result "0-1"]
[ECO "C88"]
[WhiteElo "2786"]
[BlackElo "2806"]
[Annotator "TA"]
[PlyCount "156"]
[EventDate "2022.06.17"]
[EventType "tourn"]
[EventCountry "ESP"]
[SourceTitle "playchess.com"]
[Source "ChessBase"]
[SourceQuality "1"]
[TimeControl "40/7200:20/3600:900+30"]

1. e4 e5 2. Nf3 Nc6 3. Bb5 a6 4. Ba4 Nf6 5. O-O Be7 6. Re1 b5 7. Bb3 O-O 8. a4 Bb7 9. d3 d6 10. Bd2 Qd7 11. Nc3 Na5 12. Ba2 b4 {[%emt 0:00:04] C88: Closed Ruy Lopez: Anti-Marshall Systems.} 13. Ne2 c5 14. Ng3 Rab8 {[%emt 0:01:05] [#] The position is equal.} 15. Nh4 $146 ({Predecessor:} 15. Nf5 Bd8 16. h3 b3 17. Bxb3 Nxb3 18. cxb3 Bc6 19. Bc3 Ne8 20. Ne3 Nc7 21. Nc4 {1-0 (56) Duda,J (2760)-Durarbayli,V (2615) Katowice 2021}) 15... g6 16. Bh6 Rfe8 17. Nhf5 Bd8 (17... gxf5 18. Nxf5 Kh8 19. Bg7+ (19. Bxf7 Rg8 $11) 19... Kg8 20. Bxf6 Bxf6 21. Qh5 $18) 18. Ng7 Rf8 19. h3 {[%emt 0:00:27] Inhibits Ng4.} b3 20. Bxb3 Nxb3 21. cxb3 Bc6 22. Rc1 Kh8 23. Ne6 {[%emt 0:25:41] [#]} Qxe6 24. Bxf8 Ba5 {[%emt 0:00:02][%mdl 64] Discovered Attack} 25. Bh6 Bxe1 {[%emt 0:00:03] Black is more active.} 26. Qxe1 Rxb3 27. Qa5 Ng8 28. Be3 Bb7 29. Qd2 f6 30. f4 exf4 31. Bxf4 g5 32. Be3 Qe5 33. Nf5 Ne7 34. Nxe7 Qxe7 35. Qc2 Rb6 36. Rf1 Kg7 37. a5 Rc6 38. Bd2 Rc8 39. Bc3 Rf8 40. Qf2 h6 41. h4 {[%emt 0:11:09] Hoping for hxg5.} Bc8 42. b4 Bd7 43. bxc5 dxc5 44. Rb1 Bb5 45. hxg5 hxg5 46. Qf5 Kg8 47. d4 Bd3 48. Re1 cxd4 49. Bxd4 Qh7 50. Qf3 Bb5 51. e5 Qd7 52. Bc5 Rc8 53. Qb3+ Qf7 54. e6 Qc7 55. e7+ Kg7 56. Bd4 Qf4 57. Be3 (57. Bf2 $11 {remains equal.}) 57... Qg3 $17 58. Qb4 Rh8 {[%emt 0:03:44] And now ...Bc6 would win.} ({But not} 58... Rc2 $6 59. Bd2 Qd3 60. Bxg5 fxg5 61. e8=Q Bxe8 62. Rxe8 Rc1+ 63. Kh2 Qh7+ 64. Kg3 Qd3+ 65. Kh2 Qh7+ 66. Kg3 Qd3+ 67. Kh2 $11) 59. e8=Q {[%emt 0:00:35] Against Bc6} Qh2+ {[%emt 0:04:48] Dancing on a razor blade.} (59... Bxe8 $17 60. Bd4 Qh2+ 61. Kf2 Qh4+ 62. Kg1 (62. g3 $2 Qh2+ 63. Ke3 Qxg3+ 64. Kd2 Rh2+ 65. Kc1 Qf4+ 66. Re3 Bf7 $19) 62... Qh2+ 63. Kf2 Qf4+ 64. Kg1 Bb5 65. Qe7+ Kg6 66. Qe4+ Qxe4 67. Rxe4 Rd8) 60. Kf2 $11 {[%emt 0:00:00] Qbe7+ would kill now.} Rxe8 $40 {[%emt 0:00:00][%mdl 128] Black has some attack.} 61. Qg4 (61. Bxg5 $1 $11 Rxe1 62. Qxe1 fxg5 63. Qe7+ Kg6 64. Qe6+ Kg7 65. Qe7+ Kg8 66. Qxg5+ Kh8 67. Qf6+ Kh7 68. Qf7+ Kh8 69. Qf6+ Kg8 70. Qg6+ Kf8 71. Qf6+ Ke8 72. Qe6+ Kf8 73. Qf5+ Ke8 74. Qe4+ Kd7 75. Qd5+ Qd6 76. Qxd6+ Kxd6 77. Ke3) 61... Qe5 $17 {[%emt 0:05:51] Threatens to win with ...Qb2+.} 62. Qd4 {[%emt 0:00:07] Inhibits Qb2+.} Qf5+ 63. Kg1 Kg6 64. Qd2 Bc6 65. Bf2 Qg4 66. Qd3+ ({Don't go for} 66. Qc2+ $2 Be4 67. Rxe4 Qxe4 $19) 66... Be4 67. Qg3 Qxg3 68. Bxg3 {[%emt 0:00:03][%mdl 4096] Endgame KRB-KRB} f5 69. Bc7 Kh5 70. Kf2 Kg4 71. Rc1 Re7 72. Rc3 {[%emt 0:02:34] [#] Inhibits Bd3.} (72. Rc5 $17) 72... Rd7 (72... Bd3 $1 $19 {[%mdl 512] Strongly threatening ...Re2+.} 73. Rxd3 (73. Bd8 Re2+) 73... Rxc7 74. Rg3+ Kf4 75. Rf3+ Ke5 76. Re3+ Kd5 77. Rd3+ Kc4) 73. g3 Bd3 {[%emt 0:04:34][%cal Od7e7] aiming for ...Re7!} 74. Bb8 Bb5 75. Bc7 $2 {[%emt 0:01:19][%mdl 8192] [#] Now White is beyond hope.} (75. Rc2 $17 {is a better chance.}) 75... Re7 $1 $19 {[%emt 0:01:12] Black is clearly winning.} 76. Bd8 (76. Bb8 $142 Re2+ 77. Kg1) 76... Re2+ 77. Kg1 Rd2 78. Be7 Bd3 {[%emt 0:00:41] Weighted Error Value: White=0.09 (flawless) /Black=0.08 (flawless)} 0-1

[Event "FIDE Candidates Tournament 2022"]
[Site "Madrid"]
[Date "2022.07.04"]
[Round "14.2"]
[White "Caruana, Fabiano"]
[Black "Firouzja, Alireza"]
[Result "0-1"]
[ECO "C65"]
[WhiteElo "2786"]
[BlackElo "2804"]
[Annotator "TA"]
[PlyCount "126"]
[EventDate "2022.06.17"]
[EventType "tourn"]
[EventCountry "ESP"]
[SourceTitle "playchess.com"]
[Source "ChessBase"]
[SourceQuality "1"]
[TimeControl "40/7200:20/3600:900+30"]

1. e4 e5 2. Nf3 Nc6 3. Bb5 Nf6 4. d3 Bc5 5. Bxc6 dxc6 6. Nbd2 {[%emt 0:00:05] C65: Ruy Lopez: Berlin Defence (3...Nf6), unusual lines and 4 0-0 Bc5.} Nd7 7. O-O O-O 8. Nc4 {[%emt 0:00:15] The position is equal.} f6 9. Kh1 {[%emt 0:02:52] [#]} Rf7 $5 $146 {[%emt 0:07:27][%mdl 8] New and interesting.} ({Predecessor:} 9... a5 10. a4 Nb6 11. Be3 Bxe3 12. Nxe3 Be6 13. Ng1 Qd4 14. b3 Nd7 15. Ne2 Qc5 {1-0 (108) Giri,A (2764)-Lysyj,I (2593) Chess.com INT 2020}) 10. Nh4 Bf8 11. Nf5 Nc5 12. Qh5 Be6 13. b3 Qd7 14. Be3 Kh8 {[%emt 0:02:26] White must now prevent ...g6.} 15. Nh4 {[%emt 0:03:30] Prevents g6. Pair of Knights!} Kg8 {[%emt 0:00:24] aiming for ...Bg4.} 16. Qe2 Re8 17. a4 b6 18. Rg1 a5 19. Nd2 f5 ({Black should play} 19... Nb7 $11) 20. exf5 $14 (20. Nxf5 {is interesting.} Bxf5 21. exf5 Rxf5 22. Bxc5 Bxc5 23. Ne4) 20... Bxf5 21. Nxf5 Qxf5 22. Bxc5 Bxc5 23. Ne4 Bb4 24. Rgf1 Qg6 25. Rad1 h5 26. g3 Ref8 27. d4 exd4 28. Rxd4 h4 29. gxh4 Rf4 30. Qc4+ Kh8 $1 {[%emt 0:01:16] Hoping for ...c5.} 31. Ng5 b5 32. Qd3 (32. Qe6 $11 {keeps the balance.} Qxe6 33. Nxe6 Rxf2 34. Rxf2 Rxf2 35. axb5) 32... Qxd3 $17 33. Rxd3 {[%emt 0:00:00] [#]} bxa4 $1 {[%emt 0:03:32] ...a3 is the strong threat.} (33... Rxh4 34. Ne6 Re8 35. Nxc7 $11) (33... Rxf2 34. Rxf2 Rxf2 35. Rd8+ Rf8 36. Rxf8+ Bxf8 37. Kg2 $16) 34. bxa4 Bd6 ({Don't play} 34... Rxf2 35. Rxf2 Rxf2 36. Rd8+ Rf8 37. Rxf8+ Bxf8 38. Kg2 $16) 35. Rc3 Rxa4 36. Rxc6 Rxh4 {[%emt 0:00:12] Black is more active.} 37. f4 Rhxf4 38. Rxf4 Bxf4 {[%emt 0:00:15][%mdl 4096] Endgame KRB-KRN} ({Not} 38... Rxf4 39. Ra6 $15) 39. Ne4 Ra8 {[%emt 0:00:38] And now ...a4 would win.} 40. Rc4 Be5 ({Weaker is} 40... a4 41. Nc3 Bd6 42. Nxa4 $11) 41. Ra4 {[%emt 0:02:25] [#]} Kg8 $1 42. Kg2 Kf7 43. Nd2 Bc3 44. Ne4 Bb4 45. Kf3 Ke6 46. c3 Be7 47. Ke3 c6 48. h3 Bd8 49. Nc5+ Kf5 50. Nb3 Bb6+ 51. Kf3 Ke5 52. h4 Kd5 53. h5 c5 (53... Rf8+ $17 54. Kg4 c5) 54. Nd2 Bc7 55. Ke2 (55. Ke3 $142) 55... Rh8 56. Rg4 Rxh5 {[%emt 0:00:14] Strongly threatening ...g5.} 57. Rxg7 Kc6 (57... Be5 $17 58. c4+ Kd4) 58. Kd3 Be5 59. Rf7 a4 60. Ne4 $2 {[%emt 0:00:00][%mdl 8192] This costs White the game.} (60. Nb1 $15) 60... Rh3+ $19 {[%emt 0:00:00] Black is clearly winning.} 61. Kd2 Kd5 62. Nf2 Rxc3 {[%emt 0:05:03] Threatens to win with ...a3.} 63. Rf5 Rg3 {[%emt 0:00:50] Weighted Error Value: White=0.40/Black=0.12 (very precise)} 0-1